 Dungeon Crawl Stone Soup version 0.31-a0-496-g6f97920a28 (webtiles) character file.

Game seed: 2179659024185769304

11384 arthad the Nimble (level 11, -3/87 HPs)
             Began as a Gnoll Wanderer on Aug 8, 2023.
             Was an Initiate of Gozag.
             Slain by an orc warrior
             ... wielding a +0 war axe
              (5 damage)
             ... on level 11 of the Dungeon.
             The game lasted 00:40:33 (10271 turns).

arthad the Nimble (Gnoll Wanderer)                 Turns: 10271, Time: 00:40:34

Health: -3/87      AC: 10    Str:  9    XL:     11   Next: 76%
Magic:  22/22      EV: 16    Int: 15    God:    Gozag
Gold:   1221       SH:  0    Dex: 15    Spells: 3/25 levels left

rFire   + . .        g - +7 captain's cutlass {speed, disarm}
rCold   + + .        (no shield)
rNeg    . . .        d - +2 leather armour
rPois   +            w - +2 hat
rElec   +            y - +0 cloak
rCorr   +            G - +0 pair of gloves
SInv    .            (no boots)
Will    .....        D - amulet of magic regeneration
Stlth   +++          m - ring of wizardry
HPRegen 0.34/turn    B - ring of protection from cold
MPRegen 0.58/turn

%: wizardry (x1)
@: resistant, hasted, very quick
A: fangs 1, strong nose, distributed training
a: Renounce Religion, Potion Petition, Call Merchant, Bribe Branch


You were on level 11 of the Dungeon.
You worshipped Gozag.
Gozag was most pleased with you.
You visited 2 branches of the dungeon, and saw 12 of its levels.
You also visited: Bailey.

You collected 1358 gold pieces.
You spent 40 gold pieces at shops.
You paid 97 gold pieces to Gozag.

Inventory:

Hand Weapons
 a - a +0 dagger
 e - a +1 battleaxe of venom
 g - the +7 captain's cutlass (weapon) {speed, disarm}
   (You took it off an orc warrior in a bailey)
 l - a +1 short sword of speed
 x - a +3 quarterstaff of chaos
 E - a +2 whip of flaming
 L - a +3 short sword of draining
 N - a +0 broad axe
 O - a +6 battleaxe
 W - a +5 falchion of freezing
 X - the +1 rapier of Zukuog {flame, Fly Str-2 Dex+3}
   (You found it on level 9 of the Dungeon)

   Str:       It affects your strength (-2).
   Dex:       It affects your dexterity (+3).
   Fly:       It grants you flight.
Missiles
 f - 6 javelins
 z - 16 poisoned darts
 S - 2 atropa-tipped darts
 T - a curare-tipped dart
 Z - 5 datura-tipped darts
Armour
 d - a +2 leather armour (worn)
 h - a +0 helmet
 w - a +2 hat (worn)
 y - a +0 cloak (worn)
 F - a +0 kite shield
 G - a +0 pair of gloves (worn)
Magical Staves
 q - a staff of air
Jewellery
 m - a ring of wizardry (left hand)
 B - a ring of protection from cold (right hand)
 D - an amulet of magic regeneration (around neck)
 J - a ring of willpower
 P - an amulet of regeneration
 Q - a ring of magical power
Wands
 p - a wand of flame (29)
Scrolls
 i - 2 scrolls of enchant armour
 j - 5 scrolls of fog
 k - 2 scrolls of vulnerability
 n - a scroll of summoning {unknown}
 s - a scroll of brand weapon {unknown}
 u - 4 scrolls of teleportation
 I - a scroll of blinking
 M - a scroll of amnesia {unknown}
 R - a scroll of revelation {unknown}
Potions
 b - 3 potions of curing
 c - 2 potions of haste
 o - a potion of enlightenment {unknown}
 r - a potion of heal wounds {unknown}
 t - a potion of invisibility {unknown}
 v - a potion of resistance
 A - a potion of berserk rage {unknown}
 C - 2 potions of might {unknown}
 H - 4 potions of brilliance
 K - a potion of magic {unknown}
 U - a potion of attraction {unknown}
 V - 2 potions of lignification {unknown}
 Y - a potion of cancellation {unknown}


   Skills:
 + Level 8.4 Fighting
 + Level 6.9 Short Blades
 + Level 6.9 Long Blades
 + Level 6.9 Axes
 + Level 6.9 Maces & Flails
 + Level 6.9 Polearms
 + Level 6.9 Staves
 + Level 6.9 Ranged Weapons
 + Level 7.5 Throwing
 + Level 7.5 Armour
 + Level 9.6 Dodging
 + Level 6.9 Stealth
 + Level 6.9 Shields
 + Level 6.9 Unarmed Combat
 + Level 7.5 Spellcasting
 + Level 5.7 Conjurations
 + Level 5.7 Hexes
 + Level 6.2 Summonings
 + Level 5.7 Necromancy
 + Level 5.7 Translocations
 + Level 5.7 Transmutations
 + Level 5.7 Fire Magic
 + Level 5.7 Ice Magic
 + Level 5.7 Air Magic
 + Level 5.7 Earth Magic
 + Level 5.7 Poison Magic
 + Level 8.1 Invocations
 + Level 6.9 Evocations
 + Level 5.7 Shapeshifting


You had 3 spell levels left.
You knew the following spells:

 Your Spells              Type           Power      Damage    Failure   Level
a - Summon Small Mammal   Summ           96%        N/A       1%          1
b - Summon Guardian Gole  Hex/Summ       23%        N/A       1%          3
c - Gell's Gravitas       Tloc           23%        N/A       1%          3
d - Teleport Other        Tloc           23%        N/A       1%          3
e - Mephitic Cloud        Conj/Pois/Air  23%        N/A       1%          3
f - Dispel Undead         Necr           23%        3d12      6%          4
g - Freezing Cloud        Conj/Ice/Air   11%        6-21      16%         5

Your spell library contained the following spells:

 Spells                   Type           Power      Damage    Failure   Level
 Kiss of Death            Conj/Necr      92%        2d12      1%          1
 Lesser Beckoning         Tloc           46%        N/A       1%          2
 Poisonous Vapours        Pois/Air       46%        N/A       1%          2
 Confusing Touch          Hex            23%        N/A       1%          3
 Manifold Assault         Tloc           23%        N/A       6%          4
 Dispersal                Tloc           11%        N/A       65%         6
 Disjunction              Tloc           11%        N/A       100%        8


Dungeon Overview and Level Annotations

Branches:
Dungeon (12/15)            Temple (1/1) D:6            Lair (0/5) D:9
 Bailey (visited)
    Orc: D:9-12

Altars:
Ashenzari
Cheibriados
Dithmenos
Fedhas
Gozag
Hepliaklqana
Kikubaaqudgha
Makhleb
Nemelex Xobeh
Okawaru
Qazlal
Ru
Trog
Uskayaw
Vehumet
Wu Jian
Xom
Yredelemnul
Zin
The Shining One

Shops:
D:8 *


Innate Abilities, Weirdness & Mutations

You have very sharp teeth.
Your uncanny sense of smell can sniff out nearby items.
Your experience applies equally to all skills.


Message History

You hit the slime creature.
The slime creature is almost dead.
As you read the scroll of teleportation, it crumbles to dust.
You feel strangely unstable. The slime creature hits you!
* * * LOW HITPOINT WARNING * * *
The slime creature closely misses you.
Your guardian golem is engulfed in freezing vapours.
Your rat bites the slime creature.
Found a potion of curing.
The slime creature closely misses your rat.
Your rat bites the slime creature but does no damage.
Your guardian golem is engulfed in freezing vapours.
Your guardian golem is engulfed in freezing vapours.
Two slime creatures merge to form a large slime creature.
Your surroundings suddenly seem different.
The skeletal warrior is engulfed in freezing vapours.
The slime creature hits your rat!!
Your rat dies!
Your rat's corpse disappears in a puff of smoke!
Blink to where?
Press: ? - help, Dir - move target
As you read the scroll of blinking, it crumbles to dust.
Found a stone staircase leading up.
There is a stone staircase leading up here.
You climb upwards.
Found a stone staircase leading up.
There is a stone staircase leading down here.
A kobold comes into view. It is wielding a +0 dagger.
A kobold brigand comes into view.
It is wielding a +0 dagger and quivering curare-tipped darts.
The orc priest shouts!
The orc shouts!
The orc wizard shouts!
The kobold shouts!
The orc wizard shouts!
You hear a shout!
A kobold comes into view. It is wielding a +0 whip.
The orc priest shouts!
The orc wizard shouts!
The orc shouts!
There is a stone staircase leading up here.
The orc priest mumbles some strange prayers to Beogh against you.
Beogh smites you!
* * * LOW HITPOINT WARNING * * *
The orc warrior hits you with a +0 war axe.
You die...
Your body crumbles into a pile of gold.

..# #..# .. ...
... ##.. ....
##...######....
#............##
#......>....o..
#.........o.o..
#......@o.o....
......oo...o...
......oK...#...
...............
.......K....##.
#......K#...#
#.......##K..
#........ ....


You could see an orc warrior, a kobold brigand (wandering), 2 orc priests, 3 orc
wizards, 3 orcs and 3 kobolds.

Vanquished Creatures
  A fire crab (D:9)
  An ugly thing (D:12)
  A troll (D:9)
  2 hornets (D:9)
  A slime creature (D:12)
  A yak (D:9)
  A wyvern (D:7)
  A wraith (D:12)
  A steam dragon (D:7)
  A water moccasin (D:7)
  An ice beast (D:7)
  2 orc warriors (Bailey)
  A phantom (D:3)
  A kobold brigand (D:8)
  3 scorpions
  A killer bee (D:9)
  2 howler monkeys (D:9)
  3 orc priests
  Crazy Yiuf (D:3)
  Natasha (twice) (D:3)
  3 orc wizards
  7 adders
  6 gnolls
  A white imp (D:8)
  A dart slug (D:2)
  14 orcs
  6 endoplasms
  A giant cockroach (D:2)
  15 goblins
  4 hobgoblins
  A jackal (D:5)
  16 kobolds
  3 quokkas
  3 ball pythons
  9 bats
  2 frilled lizards (D:3)
  An orc zombie (D:12)
  5 rats
126 creatures vanquished.

Vanquished Creatures (collateral kills)
  An ice beast (D:7)
  A bullfrog (D:7)
  A jelly (D:5)
  A sleepcap (D:6)
  A gnoll (Bailey)
  An adder (D:4)
  3 dart slugs
  5 orcs
  2 endoplasms (D:1)
  A giant cockroach (D:4)
  5 goblins
  2 hobgoblins (Bailey)
  A jackal (D:5)
  3 ball pythons
  3 bats
  A frilled lizard (D:3)
  2 kobolds
34 creatures vanquished.

Vanquished Creatures (others)
  An orc warlord (Bailey)
  2 yaks (D:9)
  9 orc warriors
  An ogre (D:5)
  3 centaurs
  A kobold brigand (D:6)
  Blork the orc (D:5)
  3 gnoll sergeants
  4 scorpions (D:5)
  12 wights
  2 killer bees (D:9)
  A howler monkey (D:8)
  3 jellies
  A hound (D:6)
  An iguana (D:6)
  2 orc wizards (D:6)
  14 gnolls
  An ufetubus (D:6)
  2 orcs
  5 goblins (Bailey)
  4 hobgoblins (Bailey)
  2 kobolds
75 creatures vanquished.

Grand Total: 235 creatures vanquished

Notes
Turn   | Place    | Note
-------+----------+-------------------------------------------
     0 | D:1      | arthad the Gnoll Wanderer began the quest for the Orb.
     0 | D:1      | arthad set off with the following items: a +0 dagger, a
                  | potion of curing, a potion of haste, a +2 leather armour;
                  | and the following spell memorised: Summon Small Mammal; and
                  | the following spells available to memorise: Summon Guardian
                  | Golem.
     0 | D:1      | Reached XP level 1. HP: 20/20 MP: 4/4
   351 | D:1      | Reached XP level 2. HP: 26/26 MP: 0/5
   629 | D:1      | Reached XP level 3. HP: 31/31 MP: 7/7
  1159 | D:2      | Reached skill level 1 in Short Blades
  1159 | D:2      | Reached skill level 1 in Long Blades
  1159 | D:2      | Reached skill level 1 in Axes
  1159 | D:2      | Reached skill level 1 in Maces & Flails
  1159 | D:2      | Reached skill level 1 in Polearms
  1159 | D:2      | Reached skill level 1 in Staves
  1159 | D:2      | Reached skill level 1 in Ranged Weapons
  1159 | D:2      | Reached skill level 1 in Stealth
  1159 | D:2      | Reached skill level 1 in Shields
  1159 | D:2      | Reached skill level 1 in Unarmed Combat
  1159 | D:2      | Reached skill level 1 in Evocations
  1214 | D:2      | Reached XP level 4. HP: 38/38 MP: 1/8
  1604 | D:2      | Found a faded altar of an unknown god.
  1818 | D:2      | Reached skill level 1 in Conjurations
  1818 | D:2      | Reached skill level 1 in Hexes
  1818 | D:2      | Reached skill level 1 in Necromancy
  1818 | D:2      | Reached skill level 1 in Translocations
  1818 | D:2      | Reached skill level 1 in Transmutations
  1818 | D:2      | Reached skill level 1 in Fire Magic
  1818 | D:2      | Reached skill level 1 in Ice Magic
  1818 | D:2      | Reached skill level 1 in Air Magic
  1818 | D:2      | Reached skill level 1 in Earth Magic
  1818 | D:2      | Reached skill level 1 in Poison Magic
  1818 | D:2      | Reached skill level 1 in Shapeshifting
  2104 | D:3      | Reached XP level 5. HP: 27/43 MP: 7/9
  2368 | D:3      | Found a runed translucent door.
  2369 | D:3      | Noticed Crazy Yiuf
  2581 | D:3      | Noticed a phantom
  2626 | D:3      | Killed a phantom
  2713 | D:3      | Noticed Natasha
  2727 | D:3      | Killed Natasha
  2728 | D:3      | Reached XP level 6. HP: 34/50 MP: 6/11
  2833 | D:3      | Noticed Natasha
  2846 | D:3      | Killed Natasha
  3146 | D:3      | Killed Crazy Yiuf
  3147 | D:3      | Reached skill level 5 in Fighting
  3424 | D:4      | Learned a level 3 spell: Summon Guardian Golem
  4430 | D:5      | Entered Level 5 of the Dungeon
  4555 | D:5      | Reached skill level 7 in Dodging
  4555 | D:5      | Reached XP level 7. HP: 48/56 MP: 12/12
  4677 | D:5      | Noticed Blork the orc
  4692 | D:5      | Killed Blork the orc
  5036 | D:5      | Found a shimmering altar of Xom.
  5058 | D:5      | Reached XP level 8. HP: 63/63 MP: 14/14
  5076 | D:5      | Found a basalt altar of Yredelemnul.
  5873 | D:6      | Found a radiant altar of Vehumet.
  5948 | D:6      | Learned a level 3 spell: Gell's Gravitas
  5952 | D:6      | Learned a level 3 spell: Teleport Other
  6331 | D:6      | Found a staircase to the Ecumenical Temple.
  6346 | D:6      | Reached skill level 5 in Invocations
  6384 | Temple   | Entered the Ecumenical Temple
  6389 | Temple   | Became a worshipper of Gozag Ym Sagoz the Greedy
  6615 | D:6      | Found a snail-covered altar of Cheibriados.
  6615 | D:6      | Found a glowing golden altar of the Shining One.
  7013 | D:7      | Reached XP level 9. HP: 65/69 MP: 16/16
  7017 | D:7      | Learned a level 3 spell: Mephitic Cloud
  7036 | D:7      | Found a flagged portal.
  7066 | Bailey   | Entered a bailey
  7114 | Bailey   | Reached skill level 5 in Spellcasting
  7236 | Bailey   | Reached skill level 5 in Throwing
  7236 | Bailey   | Reached skill level 5 in Armour
  7293 | Bailey   | Noticed an orc warlord
  7339 | Bailey   | Killed an orc warlord
  7340 | Bailey   | Reached skill level 8 in Dodging
  7355 | Bailey   | Reached XP level 10. HP: 32/77 MP: 6/18
  7379 | Bailey   | Reached skill level 5 in Short Blades
  7379 | Bailey   | Reached skill level 5 in Long Blades
  7379 | Bailey   | Reached skill level 5 in Axes
  7379 | Bailey   | Reached skill level 5 in Maces & Flails
  7379 | Bailey   | Reached skill level 5 in Polearms
  7379 | Bailey   | Reached skill level 5 in Staves
  7379 | Bailey   | Reached skill level 5 in Ranged Weapons
  7379 | Bailey   | Reached skill level 5 in Stealth
  7379 | Bailey   | Reached skill level 5 in Shields
  7379 | Bailey   | Reached skill level 5 in Unarmed Combat
  7379 | Bailey   | Reached skill level 5 in Evocations
  7974 | D:7      | Reached skill level 9 in Dodging
  7974 | D:7      | Reached skill level 5 in Conjurations
  7974 | D:7      | Reached skill level 5 in Hexes
  7974 | D:7      | Reached skill level 5 in Summonings
  7974 | D:7      | Reached skill level 5 in Necromancy
  7974 | D:7      | Reached skill level 5 in Translocations
  7974 | D:7      | Reached skill level 5 in Transmutations
  7974 | D:7      | Reached skill level 5 in Fire Magic
  7974 | D:7      | Reached skill level 5 in Ice Magic
  7974 | D:7      | Reached skill level 5 in Air Magic
  7974 | D:7      | Reached skill level 5 in Earth Magic
  7974 | D:7      | Reached skill level 5 in Poison Magic
  7974 | D:7      | Reached skill level 5 in Shapeshifting
  7974 | D:7      | Reached XP level 11. HP: 65/86 MP: 18/21
  9029 | D:8      | Found Ymned's General Store.
  9045 | D:8      | Bought a potion of brilliance for 40 gold pieces
  9184 | D:8      | Learned a level 4 spell: Dispel Undead
  9190 | D:8      | Learned a level 5 spell: Freezing Cloud
  9371 | D:9      | Found a staircase to the Lair.
  9371 | D:9      | Noticed a fire crab
  9386 | D:9      | Killed a fire crab
  9535 | D:9      | Identified the +1 rapier of Zukuog {flame, Fly Str-2 Dex+3}
 10064 | D:9      | You fall into a shaft and drop 3 floors!
 10083 | D:12     | Noticed a brown ugly thing
 10102 | D:12     | Killed a brown ugly thing
 10209 | D:12     | Noticed a skeletal warrior
 10210 | D:12     | Noticed a skeletal warrior
 10213 | D:12     | Noticed a skeletal warrior
 10271 | D:11     | HP: 2/87 [orc priest/divine providence (9)]
 10271 | D:11     | Slain by an orc warrior

Illustrated notes

Levels and vault maps discovered:
D:1:      zaba_arrival_water, layout_rooms, grunt_decor_resistance,
          hangedman_decor_riveting
D:2:      layout_loops_ring, basic_ecumenical_altar
D:3:      layout_basic, uniq_crazy_yiuf_cottage, uniq_natasha
D:4:      layout_layer_cave
D:5:      layout_loops_ring, mainiacjoe_overflow_catwalk_spiral, minivault_11,
          uniq_blork_the_orc
D:6:      layout_loops_corners, nicolae_overflow_hidden_temple,
          minmay_temple_entry_tees
D:7:      layout_cave_pools, enter_bailey_5
D:8:      layout_loops_ring, serial_shops, nicolae_shop_back_alley_shop
D:9:      layout_cave_pods, minmay_lair_entry_lava
D:11:     layout_cave_pools, serial_bayou_pond_a, uniq_fannar
D:12:     layout_long_grid, zombieorc2_lemuel, uniq_kirke, uniq_frances,
          uniq_rupert
Temple:   minmay_freezing_vapour_temple

Skill      XL: |  1  2  3  4  5  6  7  8  9 10 11 |
---------------+----------------------------------+-----
Summonings     | 2 3 4 5 6 |  6.2
Short Blades   | 1 2 3 4 6 |  6.9
Long Blades    | 1 2 3 4 6 |  6.9
Axes           | 1 2 3 4 6 |  6.9
Maces & Flails | 1 2 3 4 6 |  6.9
Polearms       | 1 2 3 4 6 |  6.9
Staves         | 1 2 3 4 6 |  6.9
Ranged Weapons | 1 2 3 4 6 |  6.9
Stealth        | 1 2 3 4 6 |  6.9
Shields        | 1 2 3 4 6 |  6.9
Unarmed Combat | 1 2 3 4 6 |  6.9
Evocations     | 1 2 3 4 6 |  6.9
Spellcasting   | 3 4 5 7 |  7.5
Conjurations   | 1 2 3 4 5 |  5.7
Hexes          | 1 2 3 4 5 |  5.7
Necromancy     | 1 2 3 4 5 |  5.7
Translocations | 1 2 3 4 5 |  5.7
Transmutations | 1 2 3 4 5 |  5.7
Fire Magic     | 1 2 3 4 5 |  5.7
Ice Magic      | 1 2 3 4 5 |  5.7
Air Magic      | 1 2 3 4 5 |  5.7
Earth Magic    | 1 2 3 4 5 |  5.7
Poison Magic   | 1 2 3 4 5 |  5.7
Shapeshifting  | 1 2 3 4 5 |  5.7
Invocations    | 3 4 5 6 7 8 |  8.1
Throwing       | 3 4 5 6 7 |  7.5
Armour         | 3 4 5 6 7 |  7.5
Fighting       | 5 6 7 8 |  8.4
Dodging        | 7 8 9 |  9.6

Action                     |  1- 3 |  4- 6 |  7- 9 | 10-12 || total
---------------------------+-------+-------+-------+-------++-------
  Melee: Dagger            |    31 |       |       |       ||    31
         Bite              |     1 |    20 |    18 |    12 ||    51
         Short sword       |    41 |   188 |   117 |    16 ||   362
         Punch             |     2 |     4 |     9 |    14 ||    29
         Cutlass           |       |       |       |   124 ||   124
  Throw: Javelin           |       |     7 |       |       ||     7
         Dart              |       |       |     1 |       ||     1
   Cast: Summon Small Mamm |    46 |    61 |    60 |    26 ||   193
         Summon Guardian G |       |     2 |    40 |    33 ||    75
         Gell's Gravitas   |       |       |     4 |     1 ||     5
         Mephitic Cloud    |       |       |     3 |     8 ||    11
         Freezing Cloud    |       |       |       |     8 ||     8
         Dispel Undead     |       |       |       |     3 ||     3
    Use: Scroll            |       |       |    12 |     2 ||    14
         Potion            |       |       |     1 |     4 ||     5
   Stab: Sleeping          |       |     3 |     2 |     1 ||     6
         Distracted        |       |     1 |     1 |     1 ||     3
         Confused          |       |       |     1 |       ||     1
 Armour: Leather armour    |    26 |    45 |    16 |    26 ||   113
  Dodge: Dodged            |    74 |    93 |    71 |    78 ||   316

Table legend: (Time is in decaauts)
 A = Elapsed time spent in this place.
 B = Non-inter-level travel time spent in this place.
 C = Inter-level travel time spent in this place.
 D = Time resting spent in this place.
 E = Time spent auto-exploring this place.
 F = Levels seen in this place.
 G = Mean time per level.
                   A        B        C        D        E       F      G
               +--------+--------+--------+--------+--------+-----+--------+
         Total |  10084 |   9740 |    344 |    320 |   6913 |  13 |  775.7 |
       Dungeon |   9195 |   8855 |    340 |    144 |   6714 |  11 |  835.9 |
        Temple |     10 |      6 |      4 |      0 |      0 |   1 |   10.0 |
        Bailey |    878 |    878 |      0 |    176 |    199 |   1 |  878.0 |
               +--------+--------+--------+--------+--------+-----+--------+

Top non-repeatable levels by time:
     D:4: 1269 daAuts
     D:5: 1259 daAuts
     D:3: 1259 daAuts
     D:6: 1208 daAuts
     D:2: 1023 daAuts
  Bailey: 878 daAuts
     D:1: 836 daAuts
     D:8: 830 daAuts
     D:9: 708 daAuts
     D:7: 614 daAuts
    D:12: 182 daAuts
  Temple: 10 daAuts
    D:11: 1 daAuts
